AoeStats
← $MOKECHEDDATHAA$$GETTA

Arabia

510404161Analyzed
1v1 RM · 14h ago on Sep 30, 2026· 35m 25s· 2 players
Game mode
Random Map
Map size
Tiny (2 player)
Population
200
Speed
Normal
Resources
Standard
Victory
Conquest
Starting age
Dark Age
Ending age
Imperial Age
RankedLock teamsTeams togetherTeam positionsShared explorationLock speedFull tech treeHidden civsTurbo modeCheats
Victory
Defeat
🇩🇪 Huns · Germany
898
+16
🇩🇪 Malians · Germany
901
-16
Lama
10:25 Feudal Age
8:43 Loom
10:29 Feudal Age
13:13 Man-at-Arms
18:55 Double-Bit Axe
18:52 Horse Collar
23:29 Castle Age
21:56 Forging
24:37 Pikeman
25:49 Squires
27:19 Husbandry
28:59 Bloodlines
28:58 Scale Barding Armor
30:01 Iron Casting
29:58 Crossbowman
34:20 Chain Barding Armor
$MOKECHEDDATHAA$$GETTA
11:15 Feudal Age
9:44 Loom
15:08 Bloodlines
22:27 Castle Age
21:07 Double-Bit Axe
22:09 Forging
22:01 Scale Mail Armor
21:51 Horse Collar
22:05 Gold Mining
22:11 Stone Mining
26:12 Iron Casting
27:30 Squires
32:40 Bow Saw
Connection lost

Rejoining the realm…

Still unreachable

The connection could not be restored.

Session expired

The server has moved on; the page needs a fresh start.